 Dungeon Crawl Stone Soup version 0.27-a0-1301-g128193abf8 (webtiles) character file.

Game seed: 5966151128930116330

64466 agentchuck the Destroyer (level 14, -6/108 HPs)
             Began as a Demigod Earth Elementalist on June 16, 2021.
             Mangled by a spriggan defender (15 damage)
             ... on level 15 of the Dungeon on June 17, 2021.
             The game lasted 01:28:56 (31435 turns).

agentchuck the Destroyer (DgEE)                    Turns: 31435, Time: 01:28:56

Health: -6/108     AC: 17    Str:  9    XL:     14   Next: 33%
Magic:  9/32       EV: 11    Int: 33    God:
Gold:   962        SH:  7    Dex: 14    Spells: 6/33 levels left

rFire    + . .     SeeInvis .   s - staff of conjuration {!a}
rCold    . . .     Faith    .   D - +2 buckler
rNeg     + . .     Spirit   .   u - +2 ring mail {rF+}
rPois    .         Reflect  .   l - +2 helmet
rElec    .         Harm     .   n - +0 cloak
rCorr    +         Rampage  .   m - +2 pair of gloves
Will     +....                  y - +1 pair of boots
Stlth    ++........             (no amulet)
HPRegen  0.28/turn              R - ring of resist corrosion
MPRegen  0.23/turn              N - ring of positive energy

@: brilliant
A: high mp 1, forlorn
a: no special abilities


You were on level 15 of the Dungeon.
You visited 2 branches of the dungeon, and saw 16 of its levels.

You collected 962 gold pieces.


Innate Abilities, Weirdness & Mutations

Your attributes grow dramatically as you level up.
You have an increased reservoir of magic. (+10% MP)
You shall have no god before yourself.


   Skills:
 - Level 5.7 Fighting
 - Level 3.0 Armour
 - Level 3.7 Dodging
 - Level 4.3 Stealth
 + Level 4.2 Shields
 + Level 10.1 Spellcasting
 * Level 12.0 Conjurations
 - Level 0.8 Transmutations
 + Level 11.1 Fire Magic
 + Level 10.9 Earth Magic
 - Level 3.0 Evocations


You had 6 spell levels left.
You knew the following spells:

 Your Spells              Type           Power      Damage    Failure   Level
a - Passwall              Tmut/Erth      58%        N/A       1%          2
f - Fireball              Conj/Fire      59%        3d23      1%          5
l - Lee's Rapid Deconstr  Erth           46%        3d23*     2%          5
m - Mephitic Cloud        Conj/Pois/Air  77%        N/A       4%          3
p - Poisonous Vapours     Pois/Air       50%        N/A       11%         2
w - Stone Arrow           Conj/Erth      100%       3d13      1%          3
z - Sandblast             Erth           100%       2d20      1%          1
X - Starburst             Conj/Fire      59%        8x6d16    10%         6

Your spell library contained the following spells:

 Spells                   Type           Power      Damage    Failure   Level
 Ignite Poison            Fire/Tmut/Pois 59%        N/A       4%          3
 Sting                    Tmut/Pois      100%       1d8       6%          1
 Petrify                  Tmut/Erth      70%        N/A       7%          4
 Animate Skeleton         Necr           50%        N/A       8%          1
 Apportation              Tloc           50%        N/A       8%          1
 Corona                   Hex            27%        N/A       8%          1
 Summon Small Mammal      Summ           100%       N/A       8%          1
 Call Imp                 Summ           25%        N/A       11%         2
 Spider Form              Tmut/Pois      14%        N/A       19%         3
 Call Canine Familiar     Summ           25%        N/A       22%         3
 Lesser Beckoning         Tloc           12%        N/A       22%         3
 Summon Guardian Golem    Hex/Summ       25%        N/A       22%         3
 Swiftness                Air            25%        N/A       22%         3
 Tukima's Dance           Hex            25%        N/A       22%         3
 Cause Fear               Hex            12%        N/A       58%         4
 Olgreb's Toxic Radiance  Pois           25%        N/A       58%         4
 Summon Ice Beast         Ice/Summ       25%        N/A       58%         4
 Summon Lightning Spire   Summ/Air       25%        N/A       58%         4
 Alistair's Intoxication  Tmut/Pois      19%        N/A       86%         5
 Yara's Violent Unravell  Hex/Tmut       14%        3d7       86%         5
 Silence                  Hex/Air        12%        N/A       90%         5
 Invisibility             Hex            12%        N/A       100%        6
 Ignition                 Fire           47%        3d13      99%         8
 Discord                  Hex            12%        N/A       100%        8

Inventory:

Hand Weapons
 w - a +3 short sword of freezing
 z - a +0 broad axe
 G - a +4 long sword
 I - a +3 scimitar of flaming
Missiles
 c - 310 stones
 k - 118 poisoned darts
 F - 6 curare-tipped darts {=f}
Armour
 l - a +2 helmet (worn)
 m - a +2 pair of gloves (worn)
 n - a +0 cloak (worn)
 r - the +1 scale mail "Xaawkocie" {Str+4 SInv}
   (You acquired it on level 14 of the Dungeon)

   It affects your strength (+4).
   It lets you see invisible.
 u - a +2 ring mail of fire resistance (worn)
 v - a +2 robe of cold resistance
 y - a +1 pair of boots (worn)
 D - a +2 buckler (worn)
 E - +0 acid dragon scales
 T - a +2 kite shield of positive energy
Magical Staves
 s - a staff of conjuration (weapon) {!a}
Jewellery
 C - a ring of ice
 L - a ring of flight
 N - a ring of positive energy (right hand)
 R - a ring of resist corrosion (left hand)
 V - an amulet of the acrobat
Wands
 g - a wand of flame (10)
 o - a wand of mindburst (30)
 J - a wand of charming (8)
 K - a wand of polymorph (15)
 O - a wand of digging (7)
 P - a wand of iceblast (20)
 U - a wand of paralysis (7)
Scrolls
 a - 2 scrolls of vulnerability {!r}
 d - 3 scrolls of enchant weapon
 h - 2 scrolls of amnesia
 i - 2 scrolls of holy word {unknown}
 p - 3 scrolls of fear
 q - a scroll of summoning {unknown}
 x - a scroll of brand weapon {unknown}
 A - 4 scrolls of fog
Potions
 b - 3 potions of mutation {!q}
 e - 2 potions of brilliance
 f - 3 potions of flight
 j - a potion of lignification {unknown}
 t - 7 potions of curing {@q1}
 B - 11 potions of heal wounds {@q2}
 H - a potion of magic {unknown}
 M - a potion of invisibility {unknown}
 Q - a potion of might {unknown}
 S - a potion of cancellation {unknown}

Dungeon Overview and Level Annotations

Branches:
Dungeon (15/15)            Temple (0/1) D:5            Lair (0/6) D:11
    Orc (0/2) D:12         Vaults (0/5) D:13         Depths (1/5) D:15

Shops:
D:3 =   D:14 *

Annotations:
D:3 Jessica
D:4 Vampire
D:11 exclusion: downstairs
D:12 exclusion: downstairs
D:13 exclusion: downstairs
D:14 3 runed translucent doors, exclusion: 3 doors, Vuniox's ghost, adept GrEE

...................▒▒▒▒▒..)......
..▒▒▒▒'▒.........................
..▒.(..▒............8............
..▒....▒.............8........###
..▒....▒......................#..
..▒....▒......................#[.
..▒....▒.........8......[.....)..
..▒....▒........).............#).
..▒▒▒▒▒▒.....8..@.............#..
#.........P.....i.......).....#+#
#................................
#................................
'...........8.8..P...............
#...................P............
#.......................▒▒▒▒▒▒...
#.......................▒ ▒...
#.......................▒ ▒...


You could see a spriggan defender.


Message History

You feel your power leaking away.
The ettin hits you with a +0 dire flail!!
* * * LOW HITPOINT WARNING * * *
The ettin hits you but does no damage.
You climb upwards.
Welcome back to the Dungeon!
There is a staircase to the Depths here.
Casting: Lee's Rapid Deconstruction (dangerous; 2% risk of failure)
Confirm with . or Enter, or press ? or * to list all spells.
Casting: Starburst (dangerous; 10% risk of failure)
Press: ? - help, Dir - look around, f - activate You feel a strong surge of power!
The bolt of fire hits the spriggan defender!!!
The spriggan defender is severely wounded.
The bolt of fire hits the ettin!!!
The ettin is almost dead.
You block the spriggan defender's attack.
The ettin hits you with a +0 dire flail!!
* * * LOW HITPOINT WARNING * * *
The ettin hits you with a +2 vorpal dire flail.
* * * LOW HITPOINT WARNING * * *
x2
Casting: Starburst (dangerous; 10% risk of failure)
Confirm with . or Enter, or press ? or * to list all spells.
Casting: Starburst (dangerous; 10% risk of failure)
Press: ? - help, Dir - look around, f - activate You feel a strong surge of power!
The bolt of fire hits the ettin!!!
You kill the ettin!
The bolt of fire misses the spriggan defender.
The spriggan defender hits you but does no damage.
The spriggan defender hits you with a +2 antimagic flail!
You die...

Skill      XL: |  1  2  3  4  5  6  7  8  9 10 11 12 13 14 |
---------------+-------------------------------------------+-----
Earth Magic    | 3 4 5 6 8 9 10 | 10.9
Conjurations   | 1 2 3 4 5 8 10 11 12 | 12.0
Spellcasting   | 2 3 4 5 6 7 8 9 10 | 10.1
Fighting       | 2 3 5 |  5.7
Evocations     | 2 3 |  3.0
Stealth        | 2 4 |  4.3
Shields        | 1 3 4 |  4.2
Fire Magic     | 3 7 9 10 11 | 11.1
Armour         | 3 |  3.0
Dodging        | 2 3 |  3.7
Transmutations | |  0.8

Action                   |  1- 3 |  4- 6 |  7- 9 | 10-12 | 13-15 || total
-------------------------+-------+-------+-------+-------+-------++-------
Melee: Unarmed           |    10 |       |       |       |       ||    10
       Club              |    72 |       |       |       |       ||    72
       Short sword       |    44 |       |       |       |       ||    44
       Dagger            |       |     8 |    34 |       |       ||    42
       Trident           |       |       |    21 |       |       ||    21
 Cast: Sandblast         |    48 |    24 |    23 |    12 |     1 ||   108
       Stone Arrow       |     8 |    44 |   118 |   178 |    49 ||   397
       Lee's Rapid Decon |       |       |    10 |   132 |   120 ||   262
       Fireball          |       |       |       |    13 |    40 ||    53
       Starburst         |       |       |       |       |    11 ||    11
Evoke: Wand              |       |     1 |       |     9 |    11 ||    21
  Use: Scroll            |       |     5 |     4 |     7 |     9 ||    25
       Potion            |       |     1 |       |       |     1 ||     2
 Stab: Sleeping          |     2 |       |     1 |       |       ||     3
Armor: Robe              |    51 |     5 |    43 |    41 |    17 ||   157
       Ring mail         |       |       |       |       |     4 ||     4
Dodge: Dodged            |   114 |    20 |    72 |    49 |    29 ||   284
Block: Buckler           |       |       |       |    31 |    11 ||    42

Levels and vault maps discovered:
D:1:      elethiomel_arrival_maze, layout_basic, basic_ecumenical_altar
D:2:      layout_basic, basic_altar
D:3:      layout_rooms, lemuel_round_altar, nicolae_ru_sacrificial_ziggurat,
          nicolae_overflow_hidden_temple, serial_shops, shop,
          minmay_misc_feat_roman, uniq_jessica
D:4:      layout_basic, uniq_ijyb, uniq_robin
D:5:      layout_rooms, minmay_temple_entry_hall
D:6:      layout_loops_corners, xom_confusion_cloud
D:7:      layout_loops_corners, cheibrodos_ashenzari_chains, kennysheep_mini,
          chequers_serial_rivers_room_b
D:8:      layout_cave_pools, kennysheep_generic_room_2
D:9:      layout_roguey, dancing_weapons_uskayaw, kennysheep_small_square,
          uniq_maggie
D:10:     layout_irregular_city, makhleb_altar_promises_db, lemuel_round_altar,
          uniq_erica, uniq_erolcha
D:11:     layout_basic, erik_lair_island, minmay_dual_archer_statues,
          uniq_gastronok
D:12:     layout_irregular_city, minmay_orc_entry_temple_small, uniq_maurice,
          uniq_fannar, uniq_sonja
D:13:     layout_irregular_city, hangedman_vaults_entry_quadrant_bands
D:14:     layout_long_grid, ebering_ghost_gozag, minmay_fountain_box,
          grunt_decor_arrowhead
D:15:     gammafunk_depths_entry_grave, layout_irregular_city, uniq_azrael
Depths:1: layout_roguey, lightli_too_deep, serial_aquarium,
          aquarium_bridge_square [aquarium_subvault_balcony,
          aquarium_subvault_window, aquarium_subvault_bridge,
          aquarium_subvault_window], aquarium_window_corridor_3,
          aquarium_window_fake, aquarium_window_2, aquarium_view_2f,
          aquarium_view_2e, aquarium_balcony_3a, aquarium_pool_2, serial_shops,
          shop, glass_columns_b, minmay_mirror_moons_of_madness,
          minmay_shop_grove

Notes
Turn   | Place    | Note
-------+----------+-------------------------------------------
     0 | D:1      | agentchuck the Demigod Earth Elementalist began the quest
                  | for the Orb.
     0 | D:1      | Reached XP level 1. HP: 14/14 MP: 5/5
   103 | D:1      | Reached skill level 3 in Earth Magic
   596 | D:1      | Reached XP level 2. HP: 14/20 MP: 0/7
  1748 | D:1      | Reached XP level 3. HP: 22/26 MP: 4/8
  1823 | D:1      | Learned a level 3 spell: Stone Arrow
  1849 | D:1      | Reached skill level 4 in Earth Magic
  3072 | D:2      | Reached skill level 1 in Conjurations
  3697 | D:3      | Noticed Jessica
  3900 | D:3      | Reached XP level 4. HP: 33/33 MP: 6/9
  3959 | D:3      | Reached skill level 2 in Conjurations
  4269 | D:3      | Reached XP level 5. HP: 35/38 MP: 4/10
  4317 | D:3      | Learned a level 2 spell: Passwall
  5050 | D:3      | Found Jesoedak's Jewellery Emporium.
  5209 | D:4      | Reached skill level 5 in Earth Magic
  5592 | D:4      | Noticed an ogre
  5615 | D:4      | Killed an ogre
  5616 | D:4      | Reached skill level 2 in Spellcasting
  5616 | D:4      | Reached skill level 3 in Conjurations
  5688 | D:4      | Noticed Robin
  5836 | D:4      | Noticed an ogre
  5868 | D:4      | Noticed Ijyb
  5900 | D:4      | Killed Robin
  6226 | D:4      | Reached XP level 6. HP: 45/45 MP: 2/12
  6435 | D:5      | Entered Level 5 of the Dungeon
  6439 | D:5      | Noticed a vampire
  6751 | D:4      | Killed Ijyb
  6949 | D:5      | Identified a scroll of acquirement
  7054 | D:5      | Reached skill level 4 in Conjurations
  7054 | D:5      | Reached XP level 7. HP: 50/50 MP: 1/14
  7207 | D:5      | Found a staircase to the Ecumenical Temple.
  7303 | D:5      | Reached skill level 6 in Earth Magic
  7377 | D:5      | Reached skill level 3 in Spellcasting
  7452 | D:5      | Reached skill level 1 in Fighting
  7452 | D:5      | Reached skill level 1 in Evocations
  8311 | D:6      | Reached skill level 2 in Fighting
  8311 | D:6      | Reached skill level 2 in Evocations
  8311 | D:6      | Reached XP level 8. HP: 61/61 MP: 6/16
  8432 | D:6      | Reached skill level 7 in Earth Magic
  8910 | D:6      | Reached skill level 3 in Fighting
  8910 | D:6      | Reached skill level 4 in Spellcasting
  8910 | D:6      | Reached skill level 3 in Evocations
  9139 | D:6      | Reached skill level 2 in Stealth
 10019 | D:6      | Learned a level 5 spell: Lee's Rapid Deconstruction
 10353 | D:7      | Reached skill level 8 in Earth Magic
 10911 | D:7      | Reached XP level 9. HP: 69/70 MP: 15/19
 11264 | D:8      | Reached skill level 3 in Stealth
 11545 | D:8      | Reached skill level 4 in Fighting
 11787 | D:8      | Reached skill level 5 in Spellcasting
 11791 | D:8      | Reached skill level 9 in Earth Magic
 11912 | D:7      | Reached skill level 4 in Stealth
 12391 | D:8      | Acquired a staff of conjuration
 12927 | D:9      | Reached skill level 5 in Fighting
 12927 | D:9      | Reached skill level 1 in Shields
 12927 | D:9      | Reached XP level 10. HP: 81/81 MP: 11/22
 13069 | D:9      | Noticed Maggie
 13073 | D:9      | Killed Maggie
 13125 | D:9      | Noticed a +0 hand axe
 13125 | D:9      | Noticed a +0 dagger
 13228 | D:9      | Reached skill level 2 in Shields
 13351 | D:9      | Reached skill level 5 in Conjurations
 13473 | D:9      | Noticed a two-headed ogre
 13999 | D:9      | Killed a two-headed ogre
 14000 | D:9      | Reached skill level 6 in Spellcasting
 14095 | D:9      | Learned a level 5 spell: Fireball
 14130 | D:9      | Reached skill level 3 in Shields
 14281 | D:10     | Entered Level 10 of the Dungeon
 14289 | D:10     | Reached skill level 1 in Fire Magic
 14765 | D:10     | Reached skill level 2 in Fire Magic
 14765 | D:10     | Noticed a red ugly thing
 14776 | D:10     | Killed a red ugly thing
 14989 | D:10     | Noticed a green death
 15334 | D:10     | Noticed Erolcha
 15345 | D:10     | Noticed Erica
 15349 | D:10     | Killed Erica
 15350 | D:10     | Reached skill level 3 in Fire Magic
 15499 | D:10     | Reached XP level 11. HP: 89/89 MP: 12/24
 15611 | D:9      | Reached skill level 4 in Shields
 15611 | D:9      | Reached skill level 6 in Conjurations
 15832 | D:10     | Killed Erolcha
 15833 | D:10     | Reached skill level 4 in Fire Magic
 16794 | D:11     | Noticed Gastronok
 17033 | D:11     | Found a staircase to the Lair.
 17250 | D:11     | Reached skill level 5 in Fire Magic
 17314 | D:11     | Reached skill level 7 in Spellcasting
 17314 | D:11     | Reached skill level 7 in Conjurations
 17612 | D:11     | Noticed a two-headed ogre
 17615 | D:11     | Killed a two-headed ogre
 18234 | D:11     | Killed Gastronok
 18235 | D:11     | Reached skill level 6 in Fire Magic
 18379 | D:11     | Learned a level 2 spell: Poisonous Vapours
 18383 | D:11     | Learned a level 3 spell: Mephitic Cloud
 18485 | D:12     | Reached skill level 8 in Conjurations
 19008 | D:12     | Found a staircase to the Orcish Mines.
 19220 | D:12     | Identified the Guide on Cloudy Transformation
 20196 | D:12     | Reached skill level 7 in Fire Magic
 20358 | D:12     | Reached XP level 12. HP: 95/95 MP: 11/27
 20464 | D:12     | Noticed Maurice
 20467 | D:12     | Killed Maurice
 20870 | D:12     | Noticed Fannar
 20882 | D:12     | Noticed a centaur warrior
 20886 | D:12     | Killed a centaur warrior
 20887 | D:12     | Reached skill level 9 in Conjurations
 20900 | D:12     | Noticed Sonja
 21275 | D:12     | Reached skill level 8 in Spellcasting
 21345 | D:12     | Learned a level 6 spell: Starburst
 21383 | D:12     | Killed Sonja
 21394 | D:12     | Reached skill level 8 in Fire Magic
 21719 | D:12     | Killed Fannar
 22214 | D:13     | Noticed a centaur warrior
 22216 | D:13     | Killed a centaur warrior
 22563 | D:13     | Reached skill level 10 in Conjurations
 22615 | D:13     | Noticed a centaur warrior
 22914 | D:13     | Reached skill level 9 in Fire Magic
 22920 | D:13     | Noticed a death knight
 23345 | D:13     | Killed a centaur warrior
 24030 | D:12     | Reached XP level 13. HP: 88/102 MP: 10/30
 24827 | D:13     | Reached skill level 9 in Spellcasting
 24827 | D:13     | Reached skill level 10 in Fire Magic
 24829 | D:13     | Reached skill level 11 in Conjurations
 25102 | D:13     | Found a gate to the Vaults.
 25844 | D:13     | Reached skill level 1 in Armour
 26376 | D:14     | Reached skill level 10 in Earth Magic
 26587 | D:14     | Reached skill level 2 in Armour
 27757 | D:14     | Found a runed translucent gate.
 27758 | D:14     | Found a runed translucent gate.
 27759 | D:14     | Found a runed translucent gate.
 27759 | D:14     | Noticed Vuniox's ghost (adept GrEE)
 27761 | D:14     | Found Wiaw's Assorted Antiques.
 28205 | D:14     | Reached skill level 3 in Armour
 28377 | D:14     | Acquired the +1 scale mail "Xaawkocie" {Str+4 SInv}
 28406 | D:15     | Entered Level 15 of the Dungeon
 28583 | D:15     | Reached skill level 2 in Dodging
 29097 | D:15     | Reached XP level 14. HP: 108/108 MP: 2/32
 29247 | D:15     | Reached skill level 3 in Dodging
 29858 | D:15     | Found a staircase to the Depths.
 29864 | D:15     | Reached skill level 11 in Fire Magic
 29966 | D:15     | Reached skill level 10 in Spellcasting
 30294 | D:15     | Noticed Azrael
 30301 | D:15     | Killed Azrael
 30538 | D:14     | Upgraded the game from 0.27-a0-1299-g1ab19c6527 to
                  | 0.27-a0-1301-g128193abf8
 31080 | D:15     | Reached skill level 12 in Conjurations
 31232 | Depths:1 | Entered Level 1 of the Depths
 31309 | Depths:1 | Noticed a spriggan defender
 31434 | D:15     | HP: 10/108 [ettin (3)]
 31435 | D:15     | Mangled by a spriggan defender

Vanquished Creatures
  Gastronok (D:11)
  A caustic shrike skeleton (D:15)
  Azrael (D:15)
  An ettin (D:15)
  A great orb of eyes (Depths:1)
  Erolcha (D:10)
  Fannar (D:12)
  A hydra (D:14)
  7 centaur warriors
  2 ogre magi
  A death knight (D:13)
  Erica (D:10)
  2 boulder beetles
  9 two-headed ogres
  4 tengu warriors
  Sonja (D:12)
  9 skeletal warriors
  3 phantasmal warriors
  A tengu zombie (D:15)
  A necromancer (D:15)
  2 deep elf pyromancers (D:15)
  2 statues (D:11)
  16 ugly things
  4 manticores
  4 cyclopes
  A stone giant zombie (D:15)
  A salamander (shapeshifter) (D:14)
  Maurice (D:12)
  5 gargoyles
  Maggie (D:9)
  A freezing wraith (D:13)
  5 tengu conjurers
  An unseen horror (D:10)
  3 yaktaurs (D:13)
  6 trolls
  A hornet (D:8)
  22 slime creatures
  A blink frog (shapeshifter) (D:13)
  A spriggan (shapeshifter) (D:15)
  2 shadows
  18 yaks
  3 wraiths
  2 wyverns (D:9)
  A basilisk (D:14)
  2 steam dragons
  3 fire elementals (D:15)
  7 vampire mosquitoes
  An acid dragon (D:10)
  A hell hound (D:15)
  7 orc warriors
  3 ice beasts
  A black bear (D:5)
  A meliai simulacrum (D:14)
  4 necrophages
  A boggart (D:13)
  2 wolves (D:11)
  14 centaurs
  6 ogres
  5 kobold brigands
  2 gnoll sergeants (D:9)
  A water moccasin zombie (D:5)
  4 bullfrogs
  2 scorpions
  8 wights
  13 killer bees
  6 howler monkeys
  5 electric eels
  2 bullfrog zombies (D:6)
  A bullfrog skeleton (D:3)
  4 centaur zombies
  A jelly (D:5)
  10 hounds
  7 orc priests
  A centaur skeleton (D:7)
  Ijyb (D:4)
  A gnoll shaman (D:5)
  10 orc wizards
  2 iguanas (D:5)
  A killer bee zombie (D:3)
  Robin (D:4)
  A howler monkey zombie (D:6)
  9 gnolls
  An adder (D:2)
  A shadow imp (D:6)
  A white imp (D:6)
  2 ufetubi
  An adder skeleton (D:4)
  2 worms
  4 dart slugs
  25 orcs
  4 endoplasms
  7 giant cockroaches
  12 goblins
  8 hobgoblins
  7 jackals (D:1)
  18 kobolds
  3 quokkas
  6 ball pythons
  8 bats
  3 frilled lizards
  8 rats
425 creatures vanquished.

Vanquished Creatures (others)
  A tengu zombie (D:15)
  2 black bears (D:6)
  2 killer bees (D:6)
  An orc priest (D:6)
  An adder (D:6)
  An orc (D:6)
  16 withered plants (D:15)
24 creatures vanquished.

Grand Total: 449 creatures vanquished

Table legend: (Time is in decaauts)
 A = Elapsed time spent in this place.
 B = Non-inter-level travel time spent in this place.
 C = Inter-level travel time spent in this place.
 D = Time resting spent in this place.
 E = Time spent auto-exploring this place.
 F = Levels seen in this place.
 G = Mean time per level.
                   A        B        C        D        E       F      G
               +--------+--------+--------+--------+--------+-----+--------+
         Total |  31522 |  30180 |   1342 |  17332 |   5275 |  16 | 1970.1 |
       Dungeon |  31461 |  30119 |   1342 |  17332 |   5275 |  15 | 2097.4 |
        Depths |     60 |     60 |      0 |      0 |      0 |   1 |   60.0 |
               +--------+--------+--------+--------+--------+-----+--------+

Top non-repeatable levels by time:
    D:12: 4255 daAuts
    D:14: 2917 daAuts
    D:11: 2668 daAuts
     D:1: 2547 daAuts
    D:10: 2398 daAuts
    D:13: 2277 daAuts
     D:9: 2167 daAuts
    D:15: 2136 daAuts
     D:6: 2128 daAuts
     D:7: 1701 daAuts
     D:4: 1644 daAuts
     D:3: 1370 daAuts
     D:2: 1305 daAuts
     D:5: 1067 daAuts
     D:8: 873 daAuts

Table legend:
 A = Non-vault XP
 B = Vault XP
 C = Vault XP percentage of total XP
 D = Non-vault monster count
 E = Vault monster count
 F = Vault count percentage of total count
                 A         B        C        D         E       F
            +---------+---------+-------+---------+---------+-------
      Total |   69780 |   23417 |  25.1 |     356 |      69 |  16.2
            +---------+---------+-------+---------+---------+-------
        D:1 |      58 |       0 |   0.0 |      32 |       0 |   0.0
        D:2 |      52 |       0 |   0.0 |      19 |       0 |   0.0
        D:3 |     185 |       0 |   0.0 |      21 |       0 |   0.0
        D:4 |     295 |      65 |  18.1 |      10 |       8 |  44.4
        D:5 |     747 |       0 |   0.0 |      14 |       0 |   0.0
        D:6 |    1150 |     433 |  27.4 |      24 |       5 |  17.2
        D:7 |     643 |       0 |   0.0 |      15 |       0 |   0.0
        D:8 |    1621 |     119 |   6.8 |      28 |       1 |   3.4
        D:9 |    4258 |     685 |  13.9 |      32 |       3 |   8.6
       D:10 |    2841 |    2291 |  44.6 |      18 |       3 |  14.3
       D:11 |    4713 |    3792 |  44.6 |      32 |       9 |  22.0
       D:12 |    8151 |    2638 |  24.5 |      23 |      11 |  32.4
       D:13 |   15066 |    5625 |  27.2 |      30 |      16 |  34.8
       D:14 |   13777 |       0 |   0.0 |      32 |       0 |   0.0
       D:15 |   15178 |    7769 |  33.9 |      25 |      13 |  34.2
   Depths:1 |    1045 |       0 |   0.0 |       1 |       0 |   0.0
            +---------+---------+-------+---------+---------+-------
